Sabres vs Panthers

Created - October 12, 2016 at 17:57

Goals
1 2 3 T
Sabres 0 1 0 1
Panthers 1 2 1 4
Shots
1 2 3 T
Sabres 13 12 8 33
Panthers 10 16 10 36

1st period

1. Panthers , Tomas Hertl 1 (T.J. Brodie, Joe Thornton) at 7:52

Penalties :
Pavel Datsyuk (FLA) for Tripping (Minor) at 6:58, Oliver Ekman-Larsson (BUF) for Hooking (Minor) at 6:58, T.J. Brodie (FLA) for Hooking (Minor) at 13:57

2nd period

2. Sabres , Kyle Turris 1 (Francois Beauchemin, Oliver Ekman-Larsson) at 0:27
3. Panthers , Patrick Kane 1 (T.J. Brodie, Ondrej Palat) at 5:31 (PP)
4. Panthers , Vladimir Tarasenko 1 (Pavel Datsyuk, Joe Thornton) at 15:28 (PP)

Penalties :
Zach Hyman (BUF) for Goalie Interference (Minor) at 4:59, Danny DeKeyser (FLA) for Hooking (Minor) at 9:09, Oliver Ekman-Larsson (BUF) for Hooking (Minor) at 14:00

3rd period

5. Panthers , Artem Anisimov 1 (Jacob Trouba) at 17:35

Penalties :
Oliver Ekman-Larsson (BUF) for Holding (Minor) at 0:59, Brayden Schenn (BUF) for Hooking (Minor) at 5:58

Goalie Stats

Ondrej Pavelec (BUF), 32 saves from 36 shots - (0.889), L, 0-1-0, 60:00 minutes
Marc-Andre Fleury (FLA), 32 saves from 33 shots - (0.970), W, 1-0-0, 60:00 minutes

Players Stats for Sabres

Player Name              G  A  P  +/- PIM S  H  SB GA TA FO     MP     PP MP  PK MP  
------------------------------------------------------------------------------------
Brayden Schenn           0  0  0   0  2   1  1  1  0  0  0/3    22:10   2:43   0:00 
Braydon Coburn           0  0  0   0  0   1  1  0  0  0  0/0    15:39   0:00   3:15 
Daniel Winnik            0  0  0   0  0   1  2  0  0  0  0/0    14:00   0:00   3:35 
Francois Beauchemin      0  1  1   1  0   3  1  0  0  0  0/0    27:53   2:53   2:43 
Gustav Nyquist           0  0  0   0  0   3  0  0  0  0  0/2    10:37   0:00   0:12 
Johnny Oduya             0  0  0  -2  0   1  1  1  0  0  0/0    19:11   1:05   2:43 
Josh Gorges              0  0  0   0  0   2  1  2  0  0  0/0    16:29   0:00   3:15 
Kris Versteeg            0  0  0   0  0   0  0  0  0  0  0/1     5:01   0:00   0:12 
Kyle Palmieri            0  0  0  -1  0   3  4  0  0  0  0/0    22:22   2:43   0:00 
Kyle Turris              1  0  1  -1  0   1  1  0  0  0  12/28  22:22   2:43   0:00 
Lars Eller               0  0  0   0  0   0  0  0  0  0  0/0     7:00   0:00   2:11 
Matt Cullen              0  0  0   0  0   3  0  0  0  0  14/21  14:08   0:00   3:35 
Nazem Kadri              0  0  0   0  0   5  2  0  0  0  13/25  16:18   1:15   0:00 
Nino Niederreiter        0  0  0   0  0   4  0  0  0  0  0/1    15:28   1:15   0:00 
Oliver Ekman-Larsson     0  1  1   1  6   0  4  0  0  0  0/0    21:42   2:53   0:00 
Rasmus Ristolainen       0  0  0  -2  0   1  0  0  0  0  0/0    19:03   1:05   0:00 
Thomas Vanek             0  0  0   0  0   2  0  1  0  0  0/2    15:36   1:15   0:00 
Zach Hyman               0  0  0   0  2   2  0  0  0  0  3/8     6:59   0:00   2:11 

Players Stats for Panthers

Player Name              G  A  P  +/- PIM S  H  SB GA TA FO     MP     PP MP  PK MP  
------------------------------------------------------------------------------------
Alexey Marchenko         0  0  0   0  0   0  0  1  0  0  0/0    11:39   0:00   0:00 
Artem Anisimov           1  0  1   0  0   5  1  0  0  0  17/31  23:23   3:29   1:54 
Danny DeKeyser           0  0  0   0  2   1  3  1  0  0  0/0    21:37   2:29   1:05 
Jacob Trouba             0  1  1   0  0   1  0  1  0  0  0/0    24:39   3:29   2:01 
Jay Bouwmeester          0  0  0   0  0   1  0  2  0  0  0/0    15:21   0:00   2:01 
Joakim Nordstrom         0  0  0   0  0   3  0  0  0  0  1/1     8:16   0:00   2:04 
Joe Thornton             0  2  2   1  0   3  0  0  0  0  12/22  18:38   2:29   0:00 
Jori Lehtera             0  0  0   0  0   0  2  0  0  0  11/17  11:55   0:00   2:04 
Justin Braun             0  0  0   1  0   0  2  0  0  0  0/0    22:28   2:29   1:57 
Nikolaj Ehlers           0  0  0   0  0   2  0  0  0  0  0/0     9:51   0:00   0:00 
Ondrej Palat             0  1  1   0  0   1  2  0  0  0  0/2    20:31   3:29   0:00 
Patrick Kane             1  0  1   0  0   4  0  0  0  0  3/3    21:29   3:29   0:00 
Pavel Datsyuk            0  1  1   0  2   2  0  0  0  0  0/3    17:36   2:29   0:00 
Pierre-Edouard Bellemare 0  0  0   0  0   5  0  0  0  0  5/11    7:58   0:00   1:54 
Riley Nash               0  0  0   0  0   1  0  0  0  0  0/0     6:04   0:00   0:00 
T.J. Brodie              0  2  2   1  2   0  0  3  0  0  0/0    24:14   3:29   0:52 
Tomas Hertl              1  0  1   1  0   2  0  1  0  0  0/0    10:44   0:00   0:00 
Vladimir Tarasenko       1  0  1   0  0   5  0  0  0  0  0/1    17:37   2:29   0:00 

3 Stars

1 - Marc-Andre Fleury (FLA)
2 - Tomas Hertl (FLA)
3 - Joe Thornton (FLA)

Power Play

Sabres - 0 on 2 Attempt(s) - 0.00%
Panthers - 2 on 4 Attempt(s) - 50.00%

Penalty Kill

Sabres - 2 on 4 Attempt(s) - 50.00% - Score 0 goal in Penalty Kill
Panthers - 2 on 2 Attempt(s) - 100.00% - Score 0 goal in Penalty Kill

Team Stat

Sabres - Hits : 18 - Faceoff Wins : 42 - Blocked Shots : 5 - Penalty Minutes : 10
Panthers - Hits : 10 - Faceoff Wins : 49 - Blocked Shots : 9 - Penalty Minutes : 6

Official

Referees : Marc Joannette and Frederick L'Ecuyer
Linesman : Shandor Alphonso and John Grandt

Game Notes

No Game Note

Finance

Level 1 -- Attendance: 5625 (93.75%) -- Ticket Income $607,500
Level 2 -- Attendance: 5000 (100.00%) -- Ticket Income $390,000
Level 3 -- Attendance: 3500 (100.00%) -- Ticket Income $175,000
Level 4 -- Attendance: 2835 (75.60%) -- Ticket Income $70,875
Luxury Box -- Attendance: 1000 (100.00%) -- Ticket Income $205,000
Game was played at the BBT Center.
Total Attendance: 17960 (93.30%)
Total Ticket Income: $1,448,375
Other Income: $217,256
Total Income: $1,665,631

% Time on Ice - Sabres

Lines # - Real PCT - Wanted PCT - Time Play
Normal Forward
1 - 39% - 40% - 18:38
2 - 30% - 30% - 14:13
3 - 22% - 20% - 10:25
4 - 10% - 10% - 4:49
Normal Defense
1 - 39% - 40% - 18:52
2 - 30% - 30% - 14:14
3 - 26% - 20% - 12:24
4 - 5% - 10% - 2:35
PP Forward
1 - 68% - 60% - 2:43
2 - 32% - 40% - 1:15
PP Defense
1 - 73% - 60% - 2:53
2 - 27% - 40% - 1:05
PK Forward
1 - 63% - 60% - 3:47
2 - 37% - 40% - 2:11
PK Defense
1 - 46% - 60% - 2:43
2 - 54% - 40% - 3:15
PK3 Forward
1 - 0% - 60%
2 - 0% - 40%
PK3 Defense
1 - 0% - 60%
2 - 0% - 40%
44 Forward
1 - 58% - 60% - 1:09
2 - 42% - 40% - 0:50
44 Defense
1 - 42% - 60% - 0:50
2 - 58% - 40% - 1:09
Last Minute Offensive  - 0:00
Last Minute Defensive  - 0:00
Total
Forward - 60:00
Defense - 60:00

% Time on Ice - Panthers

Lines # - Real PCT - Wanted PCT - Time Play
Normal Forward
1 - 35% - 40% - 17:02
2 - 31% - 30% - 15:08
3 - 20% - 20% - 9:51
4 - 13% - 10% - 6:04
Normal Defense
1 - 40% - 40% - 19:09
2 - 35% - 35% - 16:50
3 - 24% - 20% - 11:39
4 - 1% - 5% - 0:27
PP Forward
1 - 58% - 60% - 3:29
2 - 42% - 40% - 2:29
PP Defense
1 - 58% - 60% - 3:29
2 - 42% - 40% - 2:29
PK Forward
1 - 52% - 50% - 2:04
2 - 48% - 50% - 1:54
PK Defense
1 - 51% - 60% - 2:01
2 - 49% - 40% - 1:57
PK3 Forward
1 - 0% - 60%
2 - 0% - 40%
PK3 Defense
1 - 0% - 60%
2 - 0% - 40%
44 Forward
1 - 51% - 60% - 1:01
2 - 49% - 40% - 0:58
44 Defense
1 - 62% - 60% - 1:14
2 - 38% - 40% - 0:45
Last Minute Offensive  - 0:00
Last Minute Defensive  - 0:00
Total
Forward - 60:00
Defense - 60:00

Play by Play

1st period


0:01 of 1st period - Kyle Turris wins face-off versus Artem Anisimov in neutral zone.
0:41 of 1st period - Shot by Ondrej Palat.
0:41 of 1st period - Shot Misses the Net.
1:28 of 1st period - Vladimir Tarasenko is hit by Oliver Ekman-Larsson and loses puck.
1:37 of 1st period - Shot by Vladimir Tarasenko.
1:37 of 1st period - Shot Misses the Net.
1:51 of 1st period - Icing by Nikolaj Ehlers.
1:52 of 1st period - Jori Lehtera wins face-off versus Nazem Kadri in Panthers zone.
3:07 of 1st period - Off-side.
3:08 of 1st period - Artem Anisimov wins face-off versus Gustav Nyquist in neutral zone.
3:08 of 1st period - Artem Anisimov is hit by Daniel Winnik.
3:14 of 1st period - Shot by Patrick Kane.
3:14 of 1st period - Shot Misses the Net.
3:25 of 1st period - Icing by Justin Braun.
3:26 of 1st period - Zach Hyman wins face-off versus Artem Anisimov in Panthers zone.
3:32 of 1st period - Kris Versteeg is hit by Danny DeKeyser and loses puck.
3:49 of 1st period - Shot by Artem Anisimov.
3:49 of 1st period - Shot Hit the Post.
4:18 of 1st period - Icing by T.J. Brodie.
4:19 of 1st period - Matt Cullen wins face-off versus Joe Thornton in Panthers zone.
4:22 of 1st period - Shot by Gustav Nyquist.
4:22 of 1st period - Deflect By Matt Cullen.
4:22 of 1st period - Stopped by Marc-Andre Fleury without a rebound.
4:23 of 1st period - Matt Cullen wins face-off versus Joe Thornton in Panthers zone.
4:26 of 1st period - Shot by Gustav Nyquist.
4:26 of 1st period - Stopped by Marc-Andre Fleury without a rebound.
4:27 of 1st period - Joe Thornton wins face-off versus Matt Cullen in Panthers zone.
4:50 of 1st period - Shot by Matt Cullen.
4:50 of 1st period - Stopped by Marc-Andre Fleury with a rebound.
4:54 of 1st period - Shot by Gustav Nyquist.
4:54 of 1st period - Stopped by Marc-Andre Fleury without a rebound.
4:55 of 1st period - Artem Anisimov wins face-off versus Nazem Kadri in Panthers zone.
4:57 of 1st period - Icing by Ondrej Palat.
4:58 of 1st period - Artem Anisimov wins face-off versus Nazem Kadri in Panthers zone.
5:21 of 1st period - Icing by Josh Gorges.
5:22 of 1st period - Jori Lehtera wins face-off versus Nazem Kadri in Sabres zone.
5:59 of 1st period - Icing by Jacob Trouba.
6:00 of 1st period - Jori Lehtera wins face-off versus Kyle Turris in Panthers zone.
6:13 of 1st period - Shot by Tomas Hertl.
6:13 of 1st period - Deflect By Nikolaj Ehlers.
6:13 of 1st period - Shot Misses the Net.
6:38 of 1st period - Joe Thornton is hit by Francois Beauchemin and loses puck.
6:58 of 1st period - Minor Penalty to Pavel Datsyuk for Tripping.
6:58 of 1st period - Minor Penalty to Oliver Ekman-Larsson for Hooking.
6:59 of 1st period - Joe Thornton wins face-off versus Thomas Vanek in Sabres zone.
7:06 of 1st period - Shot by Joe Thornton.
7:06 of 1st period - Stopped by Ondrej Pavelec without a rebound.
7:07 of 1st period - Joe Thornton wins face-off versus Kyle Turris in Sabres zone.
7:14 of 1st period - Shot by Joe Thornton.
7:14 of 1st period - Stopped by Ondrej Pavelec without a rebound.
7:15 of 1st period - Joe Thornton wins face-off versus Kyle Turris in Sabres zone.
7:52 of 1st period - Shot by Tomas Hertl.
7:52 of 1st period - Goal by Tomas Hertl - Sabres : 0 - Panthers : 1.
7:53 of 1st period - Artem Anisimov wins face-off versus Nazem Kadri in neutral zone.
9:33 of 1st period - Shot by Pierre-Edouard Bellemare.
9:33 of 1st period - Stopped by Ondrej Pavelec without a rebound.
9:34 of 1st period - Jori Lehtera wins face-off versus Zach Hyman in Sabres zone.
9:39 of 1st period - Jori Lehtera is hit by Oliver Ekman-Larsson and loses puck.
9:42 of 1st period - Shot by Jay Bouwmeester.
9:42 of 1st period - Stopped by Ondrej Pavelec without a rebound.
9:43 of 1st period - Nazem Kadri wins face-off versus Joe Thornton in Sabres zone.
9:45 of 1st period - Icing by Braydon Coburn.
9:46 of 1st period - Nazem Kadri wins face-off versus Ondrej Palat in Sabres zone.
9:46 of 1st period - Nazem Kadri is hit by Ondrej Palat.
10:01 of 1st period - Nino Niederreiter is hit by Artem Anisimov.
10:11 of 1st period - Shot by Nino Niederreiter.
10:11 of 1st period - Deflect By Nazem Kadri.
10:11 of 1st period - Stopped by Marc-Andre Fleury with a rebound.
10:15 of 1st period - Shot by Nazem Kadri.
10:15 of 1st period - Stopped by Marc-Andre Fleury without a rebound.
10:16 of 1st period - Kyle Turris wins face-off versus Vladimir Tarasenko in Panthers zone.
10:28 of 1st period - Shot by Brayden Schenn.
10:28 of 1st period - Stopped by Marc-Andre Fleury without a rebound.
10:29 of 1st period - Pierre-Edouard Bellemare wins face-off versus Matt Cullen in Panthers zone.
10:35 of 1st period - T.J. Brodie is hit by Oliver Ekman-Larsson.
11:09 of 1st period - Shot by Joakim Nordstrom.
11:09 of 1st period - Deflect By Pierre-Edouard Bellemare.
11:09 of 1st period - Stopped by Ondrej Pavelec without a rebound.
11:10 of 1st period - Patrick Kane wins face-off versus Kyle Turris in Sabres zone.
11:15 of 1st period - Shot by Patrick Kane.
11:15 of 1st period - Shot Blocked by Brayden Schenn.
11:17 of 1st period - Shot by Danny DeKeyser.
11:17 of 1st period - Stopped by Ondrej Pavelec without a rebound.
11:18 of 1st period - Patrick Kane wins face-off versus Kyle Turris in Sabres zone.
12:23 of 1st period - Shot by Nazem Kadri.
12:23 of 1st period - Stopped by Marc-Andre Fleury with a rebound.
12:34 of 1st period - Icing by Danny DeKeyser.
12:35 of 1st period - Matt Cullen wins face-off versus Joe Thornton in Panthers zone.
12:43 of 1st period - Matt Cullen is hit by Danny DeKeyser and loses puck.
13:18 of 1st period - Shot by Nikolaj Ehlers.
13:18 of 1st period - Shot Misses the Net.
13:46 of 1st period - Icing by Jacob Trouba.
13:47 of 1st period - Jori Lehtera wins face-off versus Kyle Turris in Panthers zone.
13:51 of 1st period - T.J. Brodie is hit by Kyle Palmieri and loses puck.
13:56 of 1st period - Shot by Brayden Schenn.
13:56 of 1st period - Shot Misses the Net.
13:57 of 1st period - Minor Penalty to T.J. Brodie for Hooking.
13:58 of 1st period - Kyle Turris wins face-off versus Pierre-Edouard Bellemare in Panthers zone.
14:03 of 1st period - Shot by Kyle Palmieri.
14:03 of 1st period - Stopped by Marc-Andre Fleury without a rebound.
14:04 of 1st period - Kyle Turris wins face-off versus Pierre-Edouard Bellemare in Panthers zone.
14:35 of 1st period - Shot by Brayden Schenn.
14:35 of 1st period - Shot Misses the Net.
14:37 of 1st period - Shot by Francois Beauchemin.
14:37 of 1st period - Stopped by Marc-Andre Fleury without a rebound.
14:38 of 1st period - Nazem Kadri wins face-off versus Pierre-Edouard Bellemare in Panthers zone.
14:49 of 1st period - Shot by Thomas Vanek.
14:49 of 1st period - Stopped by Marc-Andre Fleury with a rebound.
14:51 of 1st period - Shot by Rasmus Ristolainen.
14:51 of 1st period - Shot Misses the Net.
14:53 of 1st period - Shot by Rasmus Ristolainen.
14:53 of 1st period - Stopped by Marc-Andre Fleury without a rebound.
14:54 of 1st period - Joakim Nordstrom wins face-off versus Kyle Turris in Panthers zone.
15:23 of 1st period - Shot by Francois Beauchemin.
15:23 of 1st period - Stopped by Marc-Andre Fleury with a rebound.
15:25 of 1st period - Shot by Oliver Ekman-Larsson.
15:25 of 1st period - Shot Misses the Net.
15:27 of 1st period - Shot by Kyle Palmieri.
15:27 of 1st period - Shot Misses the Net.
15:29 of 1st period - Shot by Brayden Schenn.
15:29 of 1st period - Shot Blocked by Jacob Trouba.
16:04 of 1st period - Icing by Jay Bouwmeester.
16:05 of 1st period - Joe Thornton wins face-off versus Nazem Kadri in Panthers zone.
16:49 of 1st period - Off-side.
16:50 of 1st period - Zach Hyman wins face-off versus Artem Anisimov in neutral zone.
16:55 of 1st period - Shot by Lars Eller.
16:55 of 1st period - Shot Misses the Net.
17:05 of 1st period - Shot by Lars Eller.
17:05 of 1st period - Shot Misses the Net.
17:19 of 1st period - Shot by Patrick Kane.
17:19 of 1st period - Stopped by Ondrej Pavelec with a rebound.
18:02 of 1st period - Icing by Braydon Coburn.
18:03 of 1st period - Joe Thornton wins face-off versus Kyle Turris in Sabres zone.
18:37 of 1st period - Shot by Vladimir Tarasenko.
18:37 of 1st period - Shot Misses the Net.
18:39 of 1st period - Shot by Joe Thornton.
18:39 of 1st period - Stopped by Ondrej Pavelec without a rebound.
18:40 of 1st period - Jori Lehtera wins face-off versus Nazem Kadri in Sabres zone.
18:53 of 1st period - Shot by Nikolaj Ehlers.
18:53 of 1st period - Stopped by Ondrej Pavelec without a rebound.
18:54 of 1st period - Pierre-Edouard Bellemare wins face-off versus Gustav Nyquist in Sabres zone.
Goals for this period are 0 for Sabres vs 1 for Panthers.
Shots for this period are 13 for Sabres vs 10 for Panthers.

2nd period


0:01 of 2nd period - Artem Anisimov wins face-off versus Kyle Turris in neutral zone.
0:01 of 2nd period - Artem Anisimov is hit by Kyle Palmieri.
0:27 of 2nd period - Shot by Kyle Turris.
0:27 of 2nd period - Goal by Kyle Turris - Sabres : 1 - Panthers : 1.
0:28 of 2nd period - Nazem Kadri wins face-off versus Pavel Datsyuk in neutral zone.
0:38 of 2nd period - Icing by Vladimir Tarasenko.
0:39 of 2nd period - Zach Hyman wins face-off versus Pavel Datsyuk in Panthers zone.
1:17 of 2nd period - Shot by Kris Versteeg.
1:17 of 2nd period - Shot Misses the Net.
1:42 of 2nd period - Icing by Josh Gorges.
1:43 of 2nd period - Artem Anisimov wins face-off versus Kyle Turris in Sabres zone.
1:52 of 2nd period - Shot by Patrick Kane.
1:52 of 2nd period - Shot Hit the Post.
2:10 of 2nd period - Shot by Ondrej Palat.
2:10 of 2nd period - Shot Misses the Net.
2:12 of 2nd period - Shot by Ondrej Palat.
2:12 of 2nd period - Shot Misses the Net.
2:21 of 2nd period - Icing by Braydon Coburn.
2:22 of 2nd period - Kyle Turris wins face-off versus Jori Lehtera in Sabres zone.
2:31 of 2nd period - Icing by Braydon Coburn.
2:32 of 2nd period - Kyle Turris wins face-off versus Pierre-Edouard Bellemare in Sabres zone.
2:45 of 2nd period - Shot by Riley Nash.
2:45 of 2nd period - Stopped by Ondrej Pavelec with a rebound.
2:47 of 2nd period - Shot by Joakim Nordstrom.
2:47 of 2nd period - Shot Misses the Net.
2:51 of 2nd period - Shot by Pierre-Edouard Bellemare.
2:51 of 2nd period - Stopped by Ondrej Pavelec with a rebound.
2:53 of 2nd period - Shot by Pierre-Edouard Bellemare.
2:53 of 2nd period - Stopped by Ondrej Pavelec with a rebound.
3:09 of 2nd period - Shot by Joakim Nordstrom.
3:09 of 2nd period - Stopped by Ondrej Pavelec without a rebound.
3:10 of 2nd period - Nazem Kadri wins face-off versus Artem Anisimov in Sabres zone.
3:48 of 2nd period - Shot by Nazem Kadri.
3:48 of 2nd period - Stopped by Marc-Andre Fleury with a rebound.
3:50 of 2nd period - Shot by Francois Beauchemin.
3:50 of 2nd period - Stopped by Marc-Andre Fleury without a rebound.
3:51 of 2nd period - Matt Cullen wins face-off versus Jori Lehtera in Panthers zone.
4:00 of 2nd period - Shot by Jori Lehtera.
4:00 of 2nd period - Shot Misses the Net.
4:59 of 2nd period - Minor Penalty to Zach Hyman for Goalie Interference.
5:00 of 2nd period - Artem Anisimov wins face-off versus Matt Cullen in Sabres zone.
5:27 of 2nd period - Shot by Ondrej Palat.
5:27 of 2nd period - Shot Misses the Net.
5:31 of 2nd period - Shot by Patrick Kane.
5:31 of 2nd period - Goal by Patrick Kane - Sabres : 1 - Panthers : 2.
5:32 of 2nd period - Joe Thornton wins face-off versus Kyle Turris in neutral zone.
5:34 of 2nd period - Off-side.
5:35 of 2nd period - Joe Thornton wins face-off versus Brayden Schenn in neutral zone.
5:42 of 2nd period - Shot by Joe Thornton.
5:42 of 2nd period - Shot Misses the Net.
6:18 of 2nd period - Shot by Vladimir Tarasenko.
6:18 of 2nd period - Stopped by Ondrej Pavelec with a rebound.
6:46 of 2nd period - Shot by Nino Niederreiter.
6:46 of 2nd period - Shot Blocked by Jay Bouwmeester.
6:48 of 2nd period - Shot by Rasmus Ristolainen.
6:48 of 2nd period - Deflect By Nino Niederreiter.
6:48 of 2nd period - Shot Blocked by Alexey Marchenko.
6:50 of 2nd period - Shot by Nazem Kadri.
6:50 of 2nd period - Shot Misses the Net.
6:52 of 2nd period - Shot by Nino Niederreiter.
6:52 of 2nd period - Shot Misses the Net.
6:54 of 2nd period - Shot by Johnny Oduya.
6:54 of 2nd period - Stopped by Marc-Andre Fleury without a rebound.
6:55 of 2nd period - Matt Cullen wins face-off versus Artem Anisimov in Panthers zone.
7:30 of 2nd period - Shot by Gustav Nyquist.
7:30 of 2nd period - Stopped by Marc-Andre Fleury without a rebound.
7:31 of 2nd period - Nazem Kadri wins face-off versus Jori Lehtera in Panthers zone.
7:48 of 2nd period - Shot by Nazem Kadri.
7:48 of 2nd period - Stopped by Marc-Andre Fleury without a rebound.
7:49 of 2nd period - Kyle Turris wins face-off versus Pierre-Edouard Bellemare in Panthers zone.
7:52 of 2nd period - Shot by Kyle Turris.
7:52 of 2nd period - Shot Misses the Net.
8:46 of 2nd period - Icing by Artem Anisimov.
8:47 of 2nd period - Artem Anisimov wins face-off versus Nazem Kadri in Panthers zone.
8:47 of 2nd period - Patrick Kane is hit by Nazem Kadri and loses puck.
8:53 of 2nd period - Icing by Danny DeKeyser.
8:54 of 2nd period - Artem Anisimov wins face-off versus Thomas Vanek in Panthers zone.
9:09 of 2nd period - Minor Penalty to Danny DeKeyser for Hooking.
9:10 of 2nd period - Nazem Kadri wins face-off versus Jori Lehtera in Panthers zone.
10:27 of 2nd period - Shot by Pierre-Edouard Bellemare.
10:27 of 2nd period - Stopped by Ondrej Pavelec without a rebound.
10:28 of 2nd period - Pierre-Edouard Bellemare wins face-off versus Brayden Schenn in Sabres zone.
10:59 of 2nd period - Jori Lehtera is hit by Brayden Schenn and loses puck.
11:42 of 2nd period - Shot by Matt Cullen.
11:42 of 2nd period - Stopped by Marc-Andre Fleury without a rebound.
11:43 of 2nd period - Nazem Kadri wins face-off versus Artem Anisimov in Panthers zone.
11:43 of 2nd period - Nazem Kadri is hit by Danny DeKeyser.
12:05 of 2nd period - Shot by Patrick Kane.
12:05 of 2nd period - Shot Misses the Net.
12:07 of 2nd period - Shot by Artem Anisimov.
12:07 of 2nd period - Stopped by Ondrej Pavelec without a rebound.
12:08 of 2nd period - Jori Lehtera wins face-off versus Zach Hyman in Sabres zone.
12:20 of 2nd period - Icing by Zach Hyman.
12:21 of 2nd period - Joe Thornton wins face-off versus Zach Hyman in Sabres zone.
12:52 of 2nd period - Shot by Zach Hyman.
12:52 of 2nd period - Stopped by Marc-Andre Fleury without a rebound.
12:53 of 2nd period - Artem Anisimov wins face-off versus Kyle Turris in Panthers zone.
12:53 of 2nd period - Artem Anisimov is hit by Kyle Palmieri.
13:07 of 2nd period - Shot by Artem Anisimov.
13:07 of 2nd period - Shot Misses the Net.
13:28 of 2nd period - Shot by Brayden Schenn.
13:28 of 2nd period - Shot Misses the Net.
13:30 of 2nd period - Shot by Kyle Palmieri.
13:30 of 2nd period - Stopped by Marc-Andre Fleury without a rebound.
13:31 of 2nd period - Jori Lehtera wins face-off versus Nazem Kadri in Panthers zone.
14:00 of 2nd period - Minor Penalty to Oliver Ekman-Larsson for Hooking.
14:01 of 2nd period - Matt Cullen wins face-off versus Joe Thornton in Sabres zone.
14:24 of 2nd period - Shot by Danny DeKeyser.
14:24 of 2nd period - Shot Misses the Net.
14:26 of 2nd period - Shot by Vladimir Tarasenko.
14:26 of 2nd period - Stopped by Ondrej Pavelec without a rebound.
14:27 of 2nd period - Artem Anisimov wins face-off versus Matt Cullen in Sabres zone.
14:42 of 2nd period - Shot by Artem Anisimov.
14:42 of 2nd period - Stopped by Ondrej Pavelec with a rebound.
15:00 of 2nd period - Shot by Ondrej Palat.
15:00 of 2nd period - Stopped by Ondrej Pavelec without a rebound.
15:01 of 2nd period - Matt Cullen wins face-off versus Joe Thornton in Sabres zone.
15:28 of 2nd period - Shot by Vladimir Tarasenko.
15:28 of 2nd period - Goal by Vladimir Tarasenko - Sabres : 1 - Panthers : 3.
15:29 of 2nd period - Artem Anisimov wins face-off versus Kyle Turris in neutral zone.
15:44 of 2nd period - Shot by Kyle Palmieri.
15:44 of 2nd period - Shot Misses the Net.
16:04 of 2nd period - Shot by Kyle Palmieri.
16:04 of 2nd period - Stopped by Marc-Andre Fleury without a rebound.
16:05 of 2nd period - Nazem Kadri wins face-off versus Joe Thornton in Panthers zone.
16:33 of 2nd period - Icing by Johnny Oduya.
16:34 of 2nd period - Jori Lehtera wins face-off versus Nazem Kadri in Sabres zone.
16:35 of 2nd period - Shot by Nikolaj Ehlers.
16:35 of 2nd period - Shot Misses the Net.
16:49 of 2nd period - Shot by Thomas Vanek.
16:49 of 2nd period - Shot Misses the Net.
16:53 of 2nd period - Shot by Nazem Kadri.
16:53 of 2nd period - Shot Blocked by T.J. Brodie.
17:26 of 2nd period - Jacob Trouba is hit by Kyle Turris and loses puck.
17:41 of 2nd period - Shot by Kyle Palmieri.
17:41 of 2nd period - Shot Misses the Net.
17:45 of 2nd period - Shot by Brayden Schenn.
17:45 of 2nd period - Deflect By Kyle Palmieri.
17:45 of 2nd period - Shot Misses the Net.
17:47 of 2nd period - Shot by Kyle Palmieri.
17:47 of 2nd period - Shot Blocked by T.J. Brodie.
18:03 of 2nd period - Shot by Braydon Coburn.
18:03 of 2nd period - Stopped by Marc-Andre Fleury without a rebound.
18:04 of 2nd period - Patrick Kane wins face-off versus Zach Hyman in Panthers zone.
18:09 of 2nd period - Shot by Artem Anisimov.
18:09 of 2nd period - Stopped by Ondrej Pavelec without a rebound.
18:10 of 2nd period - Matt Cullen wins face-off versus Artem Anisimov in Sabres zone.
18:28 of 2nd period - Icing by Justin Braun.
18:29 of 2nd period - Nazem Kadri wins face-off versus Artem Anisimov in Panthers zone.
18:32 of 2nd period - Shot by Thomas Vanek.
18:32 of 2nd period - Stopped by Marc-Andre Fleury with a rebound.
18:40 of 2nd period - Shot by Ondrej Palat.
18:40 of 2nd period - Shot Blocked by Thomas Vanek.
19:22 of 2nd period - Joe Thornton is hit by Kyle Palmieri and loses puck.
19:26 of 2nd period - Vladimir Tarasenko is hit by Johnny Oduya.
19:30 of 2nd period - Shot by Joe Thornton.
19:30 of 2nd period - Shot Misses the Net.
19:32 of 2nd period - Shot by Alexey Marchenko.
19:32 of 2nd period - Shot Misses the Net.
19:34 of 2nd period - Shot by Vladimir Tarasenko.
19:34 of 2nd period - Deflect By Pavel Datsyuk.
19:34 of 2nd period - Stopped by Ondrej Pavelec without a rebound.
19:35 of 2nd period - Pierre-Edouard Bellemare wins face-off versus Matt Cullen in Sabres zone.
19:44 of 2nd period - Shot by Riley Nash.
19:44 of 2nd period - Shot Misses the Net.
19:46 of 2nd period - Shot by Joakim Nordstrom.
19:46 of 2nd period - Stopped by Ondrej Pavelec with a rebound.
19:48 of 2nd period - Shot by Riley Nash.
19:48 of 2nd period - Shot Misses the Net.
19:58 of 2nd period - Shot by Jacob Trouba.
19:58 of 2nd period - Stopped by Ondrej Pavelec with a rebound.
Goals for this period are 1 for Sabres vs 2 for Panthers.
Shots for this period are 12 for Sabres vs 16 for Panthers.

3rd period


0:01 of 3rd period - Kyle Turris wins face-off versus Artem Anisimov in neutral zone.
0:18 of 3rd period - Shot by Ondrej Palat.
0:18 of 3rd period - Shot Misses the Net.
0:33 of 3rd period - Off-side.
0:34 of 3rd period - Joe Thornton wins face-off versus Nazem Kadri in neutral zone.
0:38 of 3rd period - Pavel Datsyuk is hit by Oliver Ekman-Larsson and loses puck.
0:44 of 3rd period - Icing by Nazem Kadri.
0:45 of 3rd period - Jori Lehtera wins face-off versus Nino Niederreiter in Sabres zone.
0:52 of 3rd period - Shot by Nikolaj Ehlers.
0:52 of 3rd period - Stopped by Ondrej Pavelec without a rebound.
0:53 of 3rd period - Kyle Turris wins face-off versus Artem Anisimov in Sabres zone.
0:59 of 3rd period - Minor Penalty to Oliver Ekman-Larsson for Holding.
1:00 of 3rd period - Matt Cullen wins face-off versus Artem Anisimov in Sabres zone.
2:09 of 3rd period - Shot by Vladimir Tarasenko.
2:09 of 3rd period - Stopped by Ondrej Pavelec with a rebound.
2:11 of 3rd period - Shot by Danny DeKeyser.
2:11 of 3rd period - Shot Misses the Net.
2:32 of 3rd period - Joe Thornton is hit by Josh Gorges and loses puck.
2:50 of 3rd period - Artem Anisimov is hit by Braydon Coburn and loses puck.
3:07 of 3rd period - Icing by Oliver Ekman-Larsson.
3:08 of 3rd period - Jori Lehtera wins face-off versus Brayden Schenn in Sabres zone.
3:21 of 3rd period - Shot by Brayden Schenn.
3:21 of 3rd period - Shot Blocked by Jay Bouwmeester.
3:23 of 3rd period - Shot by Kyle Palmieri.
3:23 of 3rd period - Shot Misses the Net.
3:39 of 3rd period - Shot by Kyle Palmieri.
3:39 of 3rd period - Shot Blocked by Tomas Hertl.
3:41 of 3rd period - Shot by Kyle Turris.
3:41 of 3rd period - Shot Hit the Post.
4:00 of 3rd period - Icing by Francois Beauchemin.
4:01 of 3rd period - Kyle Turris wins face-off versus Artem Anisimov in Sabres zone.
4:48 of 3rd period - Shot by Nino Niederreiter.
4:48 of 3rd period - Stopped by Marc-Andre Fleury without a rebound.
4:49 of 3rd period - Matt Cullen wins face-off versus Pavel Datsyuk in Panthers zone.
4:49 of 3rd period - Matt Cullen is hit by Justin Braun.
5:02 of 3rd period - Matt Cullen is hit by Justin Braun and loses puck.
5:21 of 3rd period - Shot by Matt Cullen.
5:21 of 3rd period - Shot Blocked by Danny DeKeyser.
5:58 of 3rd period - Minor Penalty to Brayden Schenn for Hooking.
5:59 of 3rd period - Artem Anisimov wins face-off versus Matt Cullen in Sabres zone.
6:11 of 3rd period - Off-side.
6:12 of 3rd period - Artem Anisimov wins face-off versus Matt Cullen in neutral zone.
6:41 of 3rd period - Icing by T.J. Brodie.
6:42 of 3rd period - Matt Cullen wins face-off versus Artem Anisimov in Panthers zone.
7:20 of 3rd period - Shot by Danny DeKeyser.
7:20 of 3rd period - Shot Blocked by Josh Gorges.
7:22 of 3rd period - Shot by Pavel Datsyuk.
7:22 of 3rd period - Stopped by Ondrej Pavelec without a rebound.
7:23 of 3rd period - Matt Cullen wins face-off versus Joe Thornton in Sabres zone.
7:38 of 3rd period - Shot by Pavel Datsyuk.
7:38 of 3rd period - Shot Blocked by Johnny Oduya.
8:04 of 3rd period - Shot by Tomas Hertl.
8:04 of 3rd period - Stopped by Ondrej Pavelec with a rebound.
8:54 of 3rd period - Nino Niederreiter is hit by Jori Lehtera.
9:19 of 3rd period - Nino Niederreiter is hit by Ondrej Palat and loses puck.
9:24 of 3rd period - Shot by Patrick Kane.
9:24 of 3rd period - Deflect By Ondrej Palat.
9:24 of 3rd period - Shot Misses the Net.
10:55 of 3rd period - Shot by Daniel Winnik.
10:55 of 3rd period - Shot Misses the Net.
11:21 of 3rd period - Shot by Pierre-Edouard Bellemare.
11:21 of 3rd period - Shot Misses the Net.
11:23 of 3rd period - Shot by Joakim Nordstrom.
11:23 of 3rd period - Stopped by Ondrej Pavelec without a rebound.
11:24 of 3rd period - Kyle Turris wins face-off versus Ondrej Palat in Sabres zone.
11:28 of 3rd period - Off-side.
11:29 of 3rd period - Artem Anisimov wins face-off versus Kyle Turris in neutral zone.
11:50 of 3rd period - Shot by Patrick Kane.
11:50 of 3rd period - Stopped by Ondrej Pavelec without a rebound.
11:51 of 3rd period - Joe Thornton wins face-off versus Zach Hyman in Sabres zone.
11:54 of 3rd period - Shot by Vladimir Tarasenko.
11:54 of 3rd period - Stopped by Ondrej Pavelec with a rebound.
12:04 of 3rd period - Shot by Vladimir Tarasenko.
12:04 of 3rd period - Shot Misses the Net.
12:26 of 3rd period - Shot by Zach Hyman.
12:26 of 3rd period - Stopped by Marc-Andre Fleury without a rebound.
12:27 of 3rd period - Artem Anisimov wins face-off versus Kyle Turris in Panthers zone.
12:42 of 3rd period - Shot by Artem Anisimov.
12:42 of 3rd period - Stopped by Ondrej Pavelec with a rebound.
13:02 of 3rd period - Shot by Patrick Kane.
13:02 of 3rd period - Shot Misses the Net.
13:33 of 3rd period - Icing by Braydon Coburn.
13:34 of 3rd period - Joe Thornton wins face-off versus Nazem Kadri in Sabres zone.
13:45 of 3rd period - Shot by Pavel Datsyuk.
13:45 of 3rd period - Deflect By Vladimir Tarasenko.
13:45 of 3rd period - Shot Blocked by Josh Gorges.
13:48 of 3rd period - Icing by Braydon Coburn.
13:49 of 3rd period - Nazem Kadri wins face-off versus Jori Lehtera in Sabres zone.
13:49 of 3rd period - Nazem Kadri is hit by Jori Lehtera.
13:55 of 3rd period - Shot by Nino Niederreiter.
13:55 of 3rd period - Stopped by Marc-Andre Fleury without a rebound.
13:56 of 3rd period - Matt Cullen wins face-off versus Joe Thornton in Panthers zone.
14:24 of 3rd period - Pavel Datsyuk is hit by Daniel Winnik.
14:32 of 3rd period - Shot by Joe Thornton.
14:32 of 3rd period - Shot Misses the Net.
15:44 of 3rd period - Shot by Patrick Kane.
15:44 of 3rd period - Shot Misses the Net.
15:46 of 3rd period - Shot by Patrick Kane.
15:46 of 3rd period - Stopped by Ondrej Pavelec without a rebound.
15:47 of 3rd period - Nazem Kadri wins face-off versus Jori Lehtera in Sabres zone.
15:54 of 3rd period - Shot by Nino Niederreiter.
15:54 of 3rd period - Stopped by Marc-Andre Fleury with a rebound.
15:56 of 3rd period - Shot by Josh Gorges.
15:56 of 3rd period - Stopped by Marc-Andre Fleury with a rebound.
16:00 of 3rd period - Shot by Nazem Kadri.
16:00 of 3rd period - Shot Misses the Net.
16:02 of 3rd period - Shot by Nino Niederreiter.
16:02 of 3rd period - Stopped by Marc-Andre Fleury without a rebound.
16:03 of 3rd period - Pierre-Edouard Bellemare wins face-off versus Kris Versteeg in Panthers zone.
16:05 of 3rd period - Icing by Joakim Nordstrom.
16:06 of 3rd period - Nazem Kadri wins face-off versus Pierre-Edouard Bellemare in Panthers zone.
17:09 of 3rd period - Off-side.
17:10 of 3rd period - Kyle Turris wins face-off versus Artem Anisimov in neutral zone.
17:35 of 3rd period - Shot by Artem Anisimov.
17:35 of 3rd period - Goal by Artem Anisimov - Sabres : 1 - Panthers : 4.
17:36 of 3rd period - Matt Cullen wins face-off versus Joe Thornton in neutral zone.
17:59 of 3rd period - Shot by Daniel Winnik.
17:59 of 3rd period - Stopped by Marc-Andre Fleury with a rebound.
18:01 of 3rd period - Shot by Josh Gorges.
18:01 of 3rd period - Stopped by Marc-Andre Fleury without a rebound.
18:02 of 3rd period - Artem Anisimov wins face-off versus Kyle Turris in Panthers zone.
18:21 of 3rd period - Shot by Kyle Palmieri.
18:21 of 3rd period - Shot Blocked by T.J. Brodie.
19:27 of 3rd period - Joe Thornton is hit by Nazem Kadri and loses puck.
19:42 of 3rd period - Shot by Vladimir Tarasenko.
19:42 of 3rd period - Shot Misses the Net.
Goals for this period are 0 for Sabres vs 1 for Panthers.
Shots for this period are 8 for Sabres vs 10 for Panthers.